 Dungeon Crawl Stone Soup version 0.28-a0-577-gb193047a1f (webtiles) character file.

Game seed: 15060305687675499559

5676 robertstho the Thaumaturge (level 11, -24/76 HPs)
             Began as a Djinni Fire Elementalist on Oct 1, 2021.
             Was an Initiate of Gozag.
             Annihilated by an orc warrior (35 damage)
             ... led by an orc warlord
             ... on level 2 of the Orcish Mines.
             The game lasted 00:18:36 (9916 turns).

robertstho the Thaumaturge (DjFE)                   Turns: 9916, Time: 00:18:37

Health: -24/76     AC:  4    Str:  7    XL:     11   Next: 4%
Gold:   390        EV: 12    Int: 19    God:    Gozag SH:  0 Dex: 15

rFire   + + +      SeeInvis .   B - +0 war axe (venom)
rCold   x . .      Faith    .   (no shield)
rNeg    . . .      Spirit   .   e - +0 leather armour {rF+}
rPois   ∞          Reflect  .   p - +0 helmet
rElec   .          Harm     .   (no cloak)
rCorr   .          Rampage  .   (no gloves)
Will    +....                   (boots unavailable)
Stlth   ++........              a - amulet of regeneration
HPRegen 1.22/turn               (no ring)
MPRegen 0.00/turn               (no ring)

@: gold aura, flying
A: sickness immunity, fire resistance 2, cold vulnerability 1, float, innate
caster, hp casting, extra vitality 1
a: Renounce Religion, Potion Petition, Call Merchant, Bribe Branch


You were on level 2 of the Orcish Mines.
You worshipped Gozag.
Gozag was aware of your devotion.
You visited 3 branches of the dungeon, and saw 13 of its levels.

You collected 1565 gold pieces.
You spent 357 gold pieces at shops.
You paid 818 gold pieces to Gozag.

Inventory:

Hand Weapons
 f - a +0 spear of freezing
 B - a +0 war axe of venom (weapon)
Armour
 e - a +0 leather armour of fire resistance (worn)
 p - a +0 helmet (worn)
Jewellery
 a - an amulet of regeneration (around neck)
Wands
 m - a wand of acid (16)
 x - a wand of mindburst (14)
Scrolls
 h - 2 scrolls of teleportation
 j - 2 scrolls of vulnerability
 r - 2 scrolls of fog
 s - 3 scrolls of enchant weapon
 t - 3 scrolls of enchant armour
 u - a scroll of immolation
 v - a scroll of blinking
 w - a scroll of magic mapping
Potions
 b - a potion of cancellation
 c - a potion of mutation
 d - a potion of heal wounds
 g - a potion of attraction
 i - a potion of invisibility
 l - a potion of lignification
 n - 2 potions of resistance {unknown}
 o - 3 potions of brilliance {unknown}
 q - 4 potions of curing
 z - a potion of berserk rage {unknown}
 A - a potion of haste {unknown}
Miscellaneous
 k - a lightning rod (4/4)
 y - a box of beasts


   Skills:
 * Level 5.3 Fighting
 + Level 1.8 Polearms
 + Level 2.8 Armour
 + Level 3.4 Dodging
 + Level 2.5 Stealth
 * Level 10.9 Spellcasting


You had 6 spell levels left.
You knew the following spells:

 Your Spells              Type           Power      Damage    Failure   Level
a - Foxfire               Conj/Fire      100%       2x1d9     1%          1
b - Scorch                Fire           100%       2d10      1%          2
c - Conjure Flame         Conj/Fire      51%        6-21      1%          3
d - Inner Flame           Hex/Fire       51%        N/A       1%          3
e - Flame Wave            Conj/Fire      51%        3d10      1%          4
f - Pain                  Necr           100%       1d9       1%          1
g - Wereblood             Tmut           51%        N/A       1%          2
h - Corpse Rot            Necr/Air       N/A        N/A       1%          2
i - Call Canine Familiar  Summ           51%        N/A       1%          3
j - Petrify               Tmut/Erth      51%        N/A       1%          4
Your spell library was empty.

Dungeon Overview and Level Annotations

Branches:
Dungeon (10/15)            Temple (1/1) D:7             Orc (2/2) D:9
   Lair: D:8-11         Elf: Orc:2

Altars:
Ashenzari
Cheibriados
Dithmenos
Fedhas
Gozag
Hepliaklqana
Nemelex Xobeh
Okawaru
Sif Muna
Uskayaw

Shops:
D:2 =   D:4 ?   D:9 !   Orc:2 :

Annotations:
D:3 2 transporters
D:7 1 runed translucent door


Innate Abilities, Weirdness & Mutations

You are immune to sickness and miasma.
You are immune to poison.
Your flesh is very heat resistant. (rF++)
You are vulnerable to cold. (rC-)
You float through the air rather than walking.
You learn spells naturally, not from books.
Your magical power is your life essence.
You have superior vitality. (+4 HP)


Message History

You hear a shout! x4
Casting: Scorch (safe; 1% risk of failure)
Confirm with . or Enter, or press ? or * to list all spells.
Casting: Flame Wave (dangerous; 1% risk of failure)
Press: ? - help, Dir - look around, f - activate A wave of flame ripples out! (Press . to intensify the flame waves.)
The orc priest looks satisfied for a moment.
The orc warrior misses you.
Unknown command.
A wave of flame ripples out!
The flame wave engulfs the orc warrior.
The orc warrior is moderately wounded.
The flame wave engulfs the orc!
You kill the orc!
The flame wave engulfs the orc!!
You kill the orc!
The flame wave engulfs the orc warrior!!
The orc warrior is burned terribly!
You kill the orc warrior!
The flame wave engulfs the ogre!!
The ogre is severely wounded.
The flame wave engulfs the fungus!!
The fungus begins to die.
The fungus is lightly damaged.
The flame wave engulfs the orc knight!
The orc knight is moderately wounded.
The flame wave engulfs the orc warrior!
The orc warrior is heavily wounded.
You hear a shout! x8
An orc warrior comes into view. It is wielding a +0 trident.
The orc warlord roars a battlecry!
The orcs go into a battle-frenzy!
The orc warrior throws a boomerang.
The boomerang hits you.
The ogre hits the fungus with a +0 giant club!!
The orc warrior hits you with a +0 dire flail!!
* * * LOW HITPOINT WARNING * * *
The orc knight hits you from afar with a +0 glaive.
* * * LOW HITPOINT WARNING * * *
The orc warrior hits you from afar with a +0 glaive!!
You die...
Your body crumbles into a pile of gold.

......8.....#
..P.........#
......∩.....#
............#
............#
..PP..oPo..#
..o.P.Oo...#
#..Po$..#
##.o$@.##
oo.o.h$.##
....#.##.#
...... ... $
...... #.##
..... .##
.... . .


You could see an orc warlord, an orc knight, a warg, 5 orc warriors, an ogre and
2 orc priests.

Vanquished Creatures
  A komodo dragon (shapeshifter) (D:8)
  6 yaks (D:8)
  2 wyverns
  A basilisk (D:8)
  A steam dragon (D:8)
  Menkaure (D:7)
  A warg (Orc:1)
  An acid dragon (D:8)
  2 water moccasins
  2 orc warriors
  2 sky beasts (D:5)
  2 ice beasts
  3 black bears
  A hornet zombie (D:9)
  2 centaurs (D:9)
  4 ogres
  A kobold brigand (D:9)
  2 bullfrogs
  3 scorpions
  A wyvern zombie (D:8)
  A water moccasin zombie (D:6)
  2 wyvern skeletons (D:7)
  A water moccasin skeleton (D:5)
  A centaur zombie (D:8)
  2 bullfrog zombies (D:5)
  8 orc priests
  3 jellies
  2 hounds
  A gnoll shaman (D:9)
  2 iguanas (D:5)
  6 orc wizards
  A killer bee zombie (D:6)
  A hound skeleton (D:5)
  2 howler monkey zombies (D:5)
  8 gnolls
  12 adders
  5 river rats (D:5)
  2 shadow imps
  2 white imps
  An adder skeleton (D:4)
  A worm (D:2)
  2 dart slugs
  35 orcs
  5 bats
  An endoplasm (D:1)
  4 giant cockroaches
  4 goblins (D:1)
  7 hobgoblins
  8 quokkas
  12 ball pythons
  2 frilled lizards
  14 kobolds
  19 rats
216 creatures vanquished.

Vanquished Creatures (collateral kills)
  A yak (D:7)
  An orc warrior (D:7)
  2 orcs (D:7)
4 creatures vanquished.

Vanquished Creatures (others)
  341 foxfires
341 creatures vanquished.

Grand Total: 561 creatures vanquished

Notes
Turn   | Place    | Note
-------+----------+-------------------------------------------
     0 | D:1      | robertstho the Djinni Fire Elementalist began the quest for
                  | the Orb.
     0 | D:1      | Reached XP level 1. HP: 15/15 MP: 0/0
   319 | D:1      | Reached XP level 2. HP: 15/21 MP: 0/0
   950 | D:1      | Reached skill level 3 in Spellcasting
  1053 | D:1      | Reached XP level 3. HP: 23/25 MP: 0/0
  1053 | D:1      | Learned a level 1 spell: Pain
  1935 | D:2      | Found Lofoant's Jewellery Emporium.
  2182 | D:2      | Reached skill level 1 in Fighting
  2682 | D:3      | Reached XP level 4. HP: 28/32 MP: 0/0
  3028 | D:3      | Found a transporter.
  3047 | D:3      | Found a transporter.
  3894 | D:4      | Reached XP level 5. HP: 28/37 MP: 0/0
  3894 | D:4      | Learned a level 2 spell: Wereblood
  4047 | D:4      | Reached skill level 1 in Armour
  4095 | D:4      | Found Texkoh's Magic Scroll Shop.
  4135 | D:4      | Bought a scroll of identify for 26 gold pieces
  4135 | D:4      | Bought a scroll of identify for 26 gold pieces
  4135 | D:4      | Bought a scroll of teleportation for 39 gold pieces
  4135 | D:4      | Bought a scroll of amnesia for 45 gold pieces
  4135 | D:4      | Bought a scroll of immolation for 45 gold pieces
  4465 | D:5      | Entered Level 5 of the Dungeon
  4465 | D:5      | Noticed a sky beast
  4471 | D:5      | Killed a sky beast
  4472 | D:5      | Reached skill level 1 in Polearms
  4472 | D:5      | Reached skill level 4 in Spellcasting
  4472 | D:5      | Reached XP level 6. HP: 42/42 MP: 0/0
  4757 | D:5      | Noticed an ogre
  4763 | D:5      | Killed an ogre
  4764 | D:5      | Reached XP level 7. HP: 46/49 MP: 0/0
  4764 | D:5      | Learned a level 2 spell: Corpse Rot
  4907 | D:5      | Reached skill level 5 in Spellcasting
  5091 | D:5      | Found a hazy altar of Hepliaklqana.
  5341 | D:5      | Reached XP level 8. HP: 24/55 MP: 0/0
  5396 | D:5      | Reached skill level 6 in Spellcasting
  5863 | D:6      | Found a snail-covered altar of Cheibriados.
  6172 | D:6      | Reached skill level 7 in Spellcasting
  6239 | D:6      | Found a hide-covered altar of Uskayaw.
  6244 | D:6      | Reached XP level 9. HP: 58/61 MP: 0/0
  6244 | D:6      | Learned a level 3 spell: Call Canine Familiar
  6371 | D:6      | Found a blossoming altar of Fedhas.
  6396 | D:6      | Found an iron altar of Okawaru.
  6843 | D:7      | Reached skill level 8 in Spellcasting
  7073 | D:7      | Found a runed translucent door.
  7073 | D:7      | Noticed a sixfirhy
  7117 | D:7      | Noticed Menkaure
  7119 | D:7      | Killed Menkaure
  7160 | D:7      | Found a broken altar of Ashenzari.
  7266 | D:7      | Found a staircase to the Ecumenical Temple.
  7495 | Temple   | Entered the Ecumenical Temple
  7504 | Temple   | Became a worshipper of Gozag Ym Sagoz the Greedy
  7609 | D:8      | Found a sparkling altar of Nemelex Xobeh.
  7633 | D:8      | Reached skill level 9 in Spellcasting
  7633 | D:8      | Reached XP level 10. HP: 32/67 MP: 0/0
  8145 | D:8      | Reached skill level 10 in Spellcasting
  8203 | D:8      | Noticed a komodo dragon
  8209 | D:8      | Killed a komodo dragon
  8598 | D:9      | Found a staircase to the Orcish Mines.
  8989 | D:9      | Reached skill level 5 in Fighting
  8989 | D:9      | Reached XP level 11. HP: 59/75 MP: 0/0
  8989 | D:9      | Learned a level 4 spell: Petrify
  9609 | D:9      | Bought a potion of cancellation for 128 gold pieces
  9609 | D:9      | Bought a potion of curing for 48 gold pieces
  9639 | D:10     | Entered Level 10 of the Dungeon
  9639 | D:10     | Found a shadowy altar of Dithmenos.
  9665 | D:10     | Noticed a centaur warrior
  9731 | Orc:1    | Entered Level 1 of the Orcish Mines
  9909 | Orc:2    | Entered Level 2 of the Orcish Mines
  9909 | Orc:2    | Noticed an orc knight
  9909 | Orc:2    | Found Caer Voo's Book Shoppe.
  9912 | Orc:2    | Noticed an orc warlord
  9916 | Orc:2    | Annihilated by an orc warrior

Illustrated notes

Levels and vault maps discovered:
D:1:      dpeg_arrival_pits, layout_basic, hex_large
D:2:      layout_rooms, serial_shops, nicolae_shop_behind_doors
D:3:      gammafunk_wand_slinger, layout_basic, minivault_25,
          kennysheep_generic_room_4
D:4:      layout_rooms, gup_sewer_entry_spiral, serial_shops,
          nicolae_stop_n_shop_2, kennysheep_cluttered_room,
          kennysheep_generic_room_7
D:5:      lemuel_ratsnest, layout_layer_cave, amcnicky_altar_gilded
D:6:      layout_basic, nicolae_uskayaw_suspiria, mainiacjoe_overflow_alcove_2,
          okawaru_gym_becter, mainiacjoe_overflow_six_doors_small
D:7:      cheibrodos_shockbox, layout_loops_ring, marbit_many_paths,
          minmay_temple_entry_hall, kennysheep_generic_room_14, uniq_menkaure
D:8:      minmay_clustersquares, layout_cave_pools,
          mainiacjoe_overflow_brackets, nemelex_xobeh_ov_fountains_minmay,
          serial_column_ruins, column_ruins_columns_straight,
          column_ruins_grid_1, column_ruins_corridor_corner,
          column_ruins_grid_3, column_ruins_open_small,
          hangedman_abyss_or_decor_stagger, minmay_misc_feat_ornament
D:9:      layout_small_grid, david_orc_2, serial_co_window_serial,
          co_window_of_opportunity_a, co_window_corner_a, co_window_paths_a,
          co_window_of_opportunity_a, co_window_paths_b,
          co_window_of_opportunity_a, co_window_paths_a, co_window_paths_a,
          co_window_corner_a, co_window_paths_c, co_window_of_opportunity_b,
          co_window_2corner, co_window_broadway_a, glass_columns_a,
          glass_columns_a, glass_columns_a, glass_columns_a
D:10:     layout_irregular_city, elyvilon_altar_4,
          grunt_dithmenos_smoke_and_mirrors, minmay_lair_entry_grove, kb_rosetta
Temple:   hc_temple_tempest_star
Orc:1:    layout_caves
Orc:2:    grunt_orc_gardens, layout_caves, grunt_orc_garden, grunt_orc_garden,
          grunt_orc_garden, grunt_orc_garden

Skill      XL: |  1  2  3  4  5  6  7  8  9 10 |
---------------+-------------------------------+-----
Spellcasting   | 3 4 5 7 9 10 | 10.9
Fighting       | 1 2 3 4 5 |  5.3
Armour         | 1 2 |  2.8
Polearms       | 1 |  1.8
Stealth        | 2 |  2.5
Dodging        | 3 |  3.4

Action                   |  1- 3 |  4- 6 |  7- 9 | 10-12 || total
-------------------------+-------+-------+-------+-------++-------
Melee: Spear             |    10 |    19 |    11 |    10 ||    50
       War axe           |       |       |       |     5 ||     5
 Cast: Foxfire           |    66 |    59 |    38 |    43 ||   206
       Scorch            |    12 |    27 |   148 |    31 ||   218
       Flame Wave        |       |       |     3 |    23 ||    26
       Call Canine Famil |       |       |     3 |     1 ||     4
Invok: Call Merchant     |       |       |       |     1 ||     1
  Use: Scroll            |       |     6 |       |     8 ||    14
 Stab: Sleeping          |     2 |       |     1 |       ||     3
Armor: Leather armour    |     2 |     7 |     9 |     7 ||    25
       Robe              |     2 |       |       |       ||     2
Dodge: Dodged            |     6 |    18 |    39 |    37 ||   100

Table legend: (Time is in decaauts)
 A = Elapsed time spent in this place.
 B = Non-inter-level travel time spent in this place.
 C = Inter-level travel time spent in this place.
 D = Time resting spent in this place.
 E = Time spent auto-exploring this place.
 F = Levels seen in this place.
 G = Mean time per level.
                   A        B        C        D        E       F      G
               +--------+--------+--------+--------+--------+-----+--------+
         Total |   9923 |   9370 |    553 |    124 |   7973 |  13 |  763.3 |
       Dungeon |   9717 |   9185 |    532 |    124 |   7820 |  10 |  971.7 |
        Temple |     18 |      9 |      9 |      0 |      0 |   1 |   18.0 |
  Orcish Mines |    186 |    176 |     10 |      0 |    153 |   2 |   93.0 |
               +--------+--------+--------+--------+--------+-----+--------+

Top non-repeatable levels by time:
     D:1: 1585 daAuts
     D:5: 1263 daAuts
     D:9: 1193 daAuts
     D:4: 1050 daAuts
     D:2: 1009 daAuts
     D:6: 988 daAuts
     D:7: 931 daAuts
     D:3: 821 daAuts
     D:8: 800 daAuts
   Orc:1: 180 daAuts
    D:10: 73 daAuts
  Temple: 18 daAuts
   Orc:2: 6 daAuts
